 Dungeon Crawl Stone Soup version 0.29.0-4-gdea44cf6ec (webtiles) character file.

Game seed: 18182140582586347607

423 qw the Chopper (level 6, 0/37 HPs)
             Began as a Tengu Warper on Aug 28, 2022.
             Slain by an orc
             ... wielding a +0 short sword
              (1 damage)
             ... on level 3 of the Dungeon.
             The game lasted 00:00:20 (3614 turns).

qw the Chopper (Tengu Warper)                       Turns: 3614, Time: 00:00:20

Health: 0/37       AC: 11    Str: 14    XL:     6   Next: 95%
Magic:  10/10      EV:  7    Int: 13    God:
Gold:   121        SH:  0    Dex: 13    Spells: 9/9 levels left

rFire   . . .      SeeInvis .   Y - +0 war axe
rCold   . . .      Faith    .   (no shield)
rNeg    . . .      Spirit   .   a - +0 chain mail
rPois   .          Reflect  .   (helmet restricted)
rElec   .          Harm     .   k - +0 cloak
rCorr   .          Rampage  .   h - +0 pair of gloves
Will    .....                   (boots unavailable)
Stlth   ..........              (no amulet)
HPRegen 0.12/turn               (no ring)
MPRegen 0.12/turn               (no ring)

@: flying quickly and evasively, quick
A: beak, talons 3, nimble flight
a: no special abilities


You were on level 3 of the Dungeon.
You visited 1 branch of the dungeon, and saw 4 of its levels.

You collected 121 gold pieces.


Innate Abilities, Weirdness & Mutations

You have a beak for a mouth.
You have claws for feet.
Your magical nature lets you fly swiftly and evasively.


   Skills:
 - Level 3.2 Fighting
 - Level 7.0 Axes
 - Level 1.0 Throwing
 + Level 2.3 Armour
 - Level 2.1 Dodging
 - Level 2.0 Spellcasting
 - Level 2.4 Translocations


You had 9 spell levels left.
You didn't know any spells.
Your spell library contained the following spells:

 Spells                   Type           Power      Damage    Failure   Level
 Blink                    Tloc           14%        N/A       98%         2
 Gell's Gravitas          Tloc           7%         N/A       100%        3
 Lesser Beckoning         Tloc           7%         N/A       100%        3
 Teleport Other           Tloc           7%         N/A       100%        3
 Manifold Assault         Tloc           7%         N/A       100%        5

Inventory:

Hand Weapons
 d - a +1 whip of pain
 Y - a +0 war axe (weapon)
Missiles
 j - 2 boomerangs (quivered)
Armour
 a - a +0 chain mail (worn)
 h - a +0 pair of gloves (worn)
 k - a +0 cloak (worn)
Potions
 b - a potion of heal wounds {unknown}
 c - a potion of invisibility {unknown}
 e - 2 potions of curing
 f - a potion of cancellation {unknown}
 g - a potion of might {unknown}
 m - a potion of brilliance {unknown}
 n - a potion of haste {unknown}
 o - a potion of flight {unknown}

Dungeon Overview and Level Annotations

Branches:
Dungeon (4/15)
 Temple: D:4-7

Altars:
Dithmenos
Elyvilon
Xom


Message History

You hit the hound.
You kill the hound!
You slash the scorpion! You hit the ufetubus but do no damage.
You closely miss the orc.
The scorpion stings you but does no damage.
The ufetubus hits you but does no damage.
The ufetubus closely misses you. The orc misses you.
The scorpion stings you but does no damage.
The ufetubus closely misses you. The ufetubus barely misses you.
You closely miss the scorpion. You claw the scorpion.
The scorpion is severely wounded.
You barely miss the ufetubus. You hit the orc but do no damage.
The ufetubus completely misses you.
The ufetubus hits you but does no damage.
The orc hits you but does no damage. The scorpion barely misses you.
You hit the scorpion.
You claw the scorpion, but do no damage.
Your peck misses the scorpion.
The scorpion is severely wounded.
You barely miss the ufetubus. You barely miss the orc.
The ufetubus barely misses you.
The ufetubus hits you but does no damage.
The scorpion stings you but does no damage.
The orc hits you but does no damage. The ufetubus closely misses you.
The ufetubus hits you but does no damage.
You hit the scorpion.
You kill the scorpion!
You hit the orc. You barely miss the ufetubus.
The ufetubus hits you but does no damage.
The ufetubus hits you. The orc hits you but does no damage.
The ufetubus hits you but does no damage. x2
Your Fighting skill increases to level 3!
You miss the ufetubus. Your kick misses the ufetubus.
Your peck misses the ufetubus.
The ufetubus is heavily wounded.
You closely miss the orc. The orc hits you but does no damage.
The ufetubus closely misses you.
The ufetubus hits you but does no damage.
The orc hits you with a +0 short sword.
You die...

..##.# #.# ####...#####...##
..##.###.# ######.....## #.....#
.........###.........## ##...##
..##......##.####.##.# ##.##
#########.##.##......# #.#
#.##.##......# #.# #.##.##......#
##'## #.##...5)%...# ##...## ###
#.#####o@...#### ##.....# #
##.###.######%%...).###.######
####...##.##.........#.##..#8.8..
'.....................).'..#....?
####...##.##.###.#...#.#####.....
# ##.###.##.# #.....#.#8........
#####.##.# #.#.#.#.'.........
##...#.# #.......#8........
##.....(#####.#...#####.....


You could see an orc and an ufetubus.

Vanquished Creatures
  2 ogres (D:2)
  A scorpion (D:3)
  A hound (D:3)
  Jessica (D:2)
  Ijyb (D:3)
  4 gnolls (D:3)
  3 worms
  3 dart slugs (D:2)
  2 orcs (D:3)
  2 bats
  3 endoplasms
  5 giant cockroaches
  7 goblins
  8 hobgoblins
  2 jackals
  2 quokkas
  9 ball pythons
  3 frilled lizards
  7 kobolds
  4 rats
70 creatures vanquished.

Vanquished Creatures (others)
  2 plants (D:1)
2 creatures vanquished.

Grand Total: 72 creatures vanquished

Notes
Turn   | Place    | Note
-------+----------+-------------------------------------------
     0 | D:1      | qw the Tengu Warper began the quest for the Orb.
     0 | D:1      | Reached XP level 1. HP: 12/12 MP: 4/4
     0 | D:1      | 0 ||| qw: Version: 0.1-a-89-g26bdef1
     0 | D:1      | 0 ||| qw: Game counter: 2821
     0 | D:1      | 0 ||| qw: Always use a shield: true
     0 | D:1      | 0 ||| qw: God list: Okawaru
     0 | D:1      | 0 ||| qw: Allow faded altars: false
     0 | D:1      | 0 ||| qw: Do Orc after D:15 true
     0 | D:1      | 0 ||| qw: Do second Lair branch before Depths: true
     0 | D:1      | 0 ||| qw: Lair rune preference: random
     0 | D:1      | 0 ||| qw: Plans: Normal
     0 | D:1      | 0 ||| PLANNING D:1-11
   197 | D:1      | You fall into a shaft and drop 1 floor!
   211 | D:2      | 211 ||| DROPPING +0 club.
   241 | D:2      | HP: 3/12 [dart slug/slug dart (2)]
   243 | D:2      | Reached skill level 3 in Axes
   243 | D:2      | Reached XP level 2. HP: 5/17 MP: 6/6
   645 | D:2      | 645 ||| UPGRADING to +0 scale mail.
   655 | D:2      | 655 ||| DROPPING +0 leather armour.
   656 | D:2      | 656 ||| DROPPING +2 leather armour of willpower.
   657 | D:2      | 657 ||| READING scroll labelled IMNAMEUSSI.
   658 | D:2      | 658 ||| READING scroll labelled XEXOSYI AMYW.
   659 | D:2      | 659 ||| READING scroll labelled OGURCH YSOT XUA.
   660 | D:2      | 660 ||| READING scroll labelled LIPLEBL GUCLUFROO.
   795 | D:2      | 795 ||| READING scroll labelled OMATOA HOICHYH.
   796 | D:2      | 796 ||| DRINKING 2 sapphire potions.
   797 | D:2      | 797 ||| DRINKING 2 bubbling clear potions.
   798 | D:2      | 798 ||| DROPPING scroll of blinking.
   799 | D:2      | 799 ||| DROPPING potion of attraction.
   921 | D:1      | 921 ||| Stepping ~*~*~tactically~*~*~ (stealth).
   968 | D:1      | Reached XP level 3. HP: 17/21 MP: 7/7
  1034 | D:1      | 1034 ||| Stepping ~*~*~tactically~*~*~ (stealth).
  1035 | D:1      | 1035 ||| Stepping ~*~*~tactically~*~*~ (stealth).
  1036 | D:1      | 1036 ||| Stepping ~*~*~tactically~*~*~ (stealth).
  1200 | D:1      | 1200 ||| Stepping ~*~*~tactically~*~*~ (stealth).
  1373 | D:1      | 1373 ||| UPGRADING to +0 chain mail.
  1383 | D:1      | 1383 ||| DROPPING +0 scale mail.
  1399 | D:2      | 1399 ||| STAIRDANCE
  1402 | D:1      | Reached skill level 4 in Axes
  1507 | D:2      | Noticed an ogre
  1516 | D:2      | Killed an ogre
  1517 | D:2      | Reached skill level 5 in Axes
  1517 | D:2      | Reached XP level 4. HP: 18/26 MP: 8/8
  1517 | D:2      | Gained mutation: Your magical nature lets you fly swiftly
                  | and evasively. [Tengu growth]
  1517 | D:2      | Reached XP level 5. HP: 21/30 MP: 9/9
  1517 | D:2      | Killed an ogre
  1518 | D:2      | Reached skill level 6 in Axes
  1655 | D:2      | 1655 ||| SWAPPING to +0 war axe.
  1656 | D:2      | 1656 ||| DROPPING +0 hand axe of chaos.
  1860 | D:2      | 1860 ||| Stepping ~*~*~tactically~*~*~ (hiding).
  1861 | D:2      | 1861 ||| Stepping ~*~*~tactically~*~*~ (hiding).
  1894 | D:2      | Found a faded altar of an unknown god.
  1926 | D:2      | 1926 ||| Stepping ~*~*~tactically~*~*~ (hiding).
  1927 | D:2      | 1927 ||| Stepping ~*~*~tactically~*~*~ (hiding).
  2055 | D:2      | Noticed Jessica
  2056 | D:2      | 2056 ||| Stepping ~*~*~tactically~*~*~ (hiding).
  2063 | D:2      | Killed Jessica
  2064 | D:2      | Reached XP level 6. HP: 35/35 MP: 10/10
  2216 | D:2      | 2216 ||| DROPPING ring of flight.
  2217 | D:2      | 2217 ||| READING scroll labelled BAIRAU DIGEKH.
  2222 | D:2      | 2222 ||| READING scroll labelled YHUMMO XIRIUQ.
  2223 | D:2      | 2223 ||| READING scroll labelled SEKYOMM OLLI.
  2224 | D:2      | 2224 ||| DRINKING 2 purple potions.
  2325 | D:2      | 2325 ||| DROPPING potion of ambrosia.
  2429 | D:3      | 2429 ||| Stepping ~*~*~tactically~*~*~ (stealth).
  2434 | D:3      | 2434 ||| FLEEEEING.
  2435 | D:3      | 2435 ||| FLEEEEING.
  2436 | D:3      | 2436 ||| FLEEEEING.
  2437 | D:3      | 2437 ||| FLEEEEING.
  2438 | D:3      | 2438 ||| FLEEEEING.
  2439 | D:3      | 2439 ||| FLEEEEING.
  2440 | D:3      | 2440 ||| FLEEEEING.
  2441 | D:3      | 2441 ||| FLEEEEING.
  2442 | D:3      | 2442 ||| FLEEEEING.
  2443 | D:3      | 2443 ||| FLEEEEING.
  2504 | D:3      | 2504 ||| DROPPING +0 mace.
  2689 | D:3      | 2689 ||| Stepping ~*~*~tactically~*~*~ (hiding).
  3184 | D:3      | Noticed Ijyb
  3185 | D:3      | 3185 ||| Stepping ~*~*~tactically~*~*~ (hiding).
  3197 | D:3      | Killed Ijyb
  3198 | D:3      | Reached skill level 7 in Axes
  3540 | D:3      | Found a sacrificial altar of Ru.
  3542 | D:3      | Found a shadowy altar of Dithmenos.
  3542 | D:3      | Found an ancient bone altar of Kikubaaqudgha.
  3545 | D:3      | Found a shimmering altar of Xom.
  3545 | D:3      | Found an iron altar of Okawaru.
  3545 | D:3      | Found a white marble altar of Elyvilon.
  3552 | D:3      | 3552 ||| UPGRADING to +0 pair of gloves.
  3557 | D:3      | 3557 ||| UPGRADING to +0 cloak.
  3562 | D:3      | 3562 ||| READING 2 scrolls labelled ATYFAOG EBUCS.
  3563 | D:3      | 3563 ||| DROPPING scroll of noise.
  3583 | D:4      | 3583 ||| STAIRDANCE
  3604 | D:4      | 3604 ||| STAIRDANCE
  3607 | D:3      | HP: 8/35 [scorpion (3)]
  3608 | D:3      | HP: 3/35 [orc/+0 dagger (1)]
  3613 | D:3      | HP: 1/36 [ufetubus (3)]
  3614 | D:3      | Reached skill level 3 in Fighting
  3614 | D:3      | Slain by an orc

Levels and vault maps discovered:
D:1:      tarquinn_simple_flora_water_b, layout_rooms
D:2:      layout_basic, shapermc_ecumenical_altar_mp_vishouse,
          minmay_pentomino_u2, uniq_jessica
D:3:      layout_loops_corners, doesnt_xom_only_xom, uniq_ijyb
D:4:      layout_cave_pools, lemuel_crystal_altar, serial_shops,
          nicolae_shop_behind_doors, uniq_grinder, uniq_crazy_yiuf_cottage

Skill      XL: |  1  2  3  4  5  6 |
---------------+-------------------+-----
Axes           | 3 5 6 7 |  7.0
Armour         | 2 |  2.3
Fighting       | 3 |  3.2
Throwing       | |  1.0
Dodging        | |  2.1
Spellcasting   | |  2.0
Translocations | |  2.4

Action                   |  1- 3 |  4- 6 || total
-------------------------+-------+-------++-------
Melee: Hand axe          |    69 |     1 ||    70
       Kick              |    17 |    21 ||    38
       Peck              |     8 |    15 ||    23
       War axe           |       |    81 ||    81
       Punch             |       |     2 ||     2
Throw: Boomerang         |     7 |    20 ||    27
  Use: Scroll            |     5 |     4 ||     9
       Potion            |     2 |     1 ||     3
Armor: Scale mail        |    17 |       ||    17
       Leather armour    |     1 |       ||     1
       Chain mail        |     6 |    73 ||    79
Dodge: Dodged            |    28 |    54 ||    82

Table legend:
 A = Non-vault XP
 B = Vault XP
 C = Vault XP percentage of total XP
 D = Non-vault monster count
 E = Vault monster count
 F = Vault count percentage of total count
                 A         B        C        D         E       F
            +---------+---------+-------+---------+---------+-------
      Total |     531 |      74 |  12.2 |      67 |       3 |   4.3
            +---------+---------+-------+---------+---------+-------
        D:1 |      31 |       0 |   0.0 |      20 |       0 |   0.0
        D:2 |     280 |      38 |  11.9 |      23 |       2 |   8.0
        D:3 |     220 |      36 |  14.1 |      24 |       1 |   4.0
            +---------+---------+-------+---------+---------+-------
